 Dungeon Crawl Stone Soup version 0.24.0-37-gcf1ca852f1 (webtiles) character file.

Game seed: 16851009619834354435, levelgen mode: deterministic

2130 Mesmaeker13 the Summoner (level 9, -1/62 HPs)
             Began as a Pale Draconian Summoner on Nov 22, 2019.
             Slain by a wyvern skeleton (10 damage)
             ... on level 7 of the Dungeon.
             The game lasted 00:20:37 (9622 turns).

Mesmaeker13 the Summoner (Pale Draconian Summoner)  Turns: 9622, Time: 00:20:37

Health: -1/62      AC:  9    Str: 11    XL:     9   Next: 8%
Magic:  14/16      EV: 15    Int: 19    God:
Gold:   476        SH:  6    Dex: 11    Spells: 9/18 levels left

rFire    . . .     SeeInvis .   d - +2 scythe (vamp)
rCold    . . .     Gourm    .   (shield currently unavailable)
rNeg     . . .     Faith    .   (armour unavailable)
rPois    .         Spirit   .   (helmet restricted)
rElec    .         Reflect  +   v - +1 cloak
rCorr    .         Harm     .   (no gloves)
MR       .....                  (no boots)
Stlth    +++.......             r - +6 amulet of reflection
HPRegen  0.20/turn              p - ring of stealth
MPRegen  0.15/turn              (no ring)

@: no status effects
A: breathe steam, unfitting armour, cold-blooded, AC +7
a: Breathe Steam


You were on level 7 of the Dungeon.
You were very hungry.

You visited 1 branch of the dungeon, and saw 7 of its levels.

You collected 476 gold pieces.

Inventory:

Hand Weapons
 a - a +2 dagger of venom
 d - a +2 vampiric scythe (weapon)
 s - a +2 rapier of holy wrath
Missiles
 e - 2 boomerangs (quivered)
Armour
 v - a +1 cloak (worn)
Magical Staves
 j - an uncursed staff of fire
Jewellery
 p - a ring of stealth (left hand)
 r - a +6 amulet of reflection (around neck)
Scrolls
 c - a scroll of enchant armour {unknown}
 f - 2 scrolls of teleportation
 h - 2 scrolls of fear
 m - 4 scrolls of magic mapping
 n - 4 scrolls of fog
 o - 2 scrolls of blinking
 t - a scroll of immolation {unknown}
 x - a scroll of holy word {unknown}
 y - a scroll of identify
Potions
 i - a potion of ambrosia {unknown}
 k - 2 potions of agility
 l - a potion of flight
 q - a potion of lignification
 u - 2 potions of curing {unknown}
 w - a potion of haste
Comestibles
 b - 5 rations


   Skills:
 + Level 6.6 Dodging
 - Level 1.7 Stealth
 - Level 5.0 Spellcasting
 + Level 8.0 Summonings
 + Level 4.3 Ice Magic


You had 9 spell levels left.
You knew the following spells:

 Your Spells              Type           Power        Failure   Level  Hunger
a - Summon Ice Beast      Ice/Summ       ####....     10%         4    ####...
b - Call Imp              Summ           #####...     1%          2    #......
c - Call Canine Familiar  Summ           #####...     1%          3    ##.....

Your spell library contained the following spells:

 Spells                   Type           Power        Failure   Level  Hunger
 Summon Small Mammal      Summ           ####         1%          1    None
 Summon Guardian Golem    Hex/Summ       ###.....     7%          3    ##.....
 Summon Lightning Spire   Summ/Air       ###.....     24%         4    ####...


Dungeon Overview and Level Annotations

Branches:
Dungeon (7/15)
 Temple: D:4-7

Altars:
Ashenzari
Elyvilon
Nemelex Xobeh
Qazlal
Trog
Xom
Zin
The Shining One

Annotations:
D:7 Pikel


Innate Abilities, Weirdness & Mutations

You can breathe blasts of scalding, opaque steam.
Your pale cyan-grey scales are hard. (AC +7)
You cannot fit into any form of body armour.
You are cold-blooded and may be slowed by cold attacks.


Message History

You hit the wyvern skeleton but do no damage.
The orc wizard points at you and mumbles some strange words.
The magic dart hits you! The wyvern skeleton misses you.
The orc wizard hits you with a cursed +0 dagger.
The wyvern skeleton barely misses you.
Your ice beast closely misses the orc wizard.
You block the orc wizard's attack. You block the wyvern skeleton's attack.
Your ice beast hits the orc wizard.
Your ice beast freezes the orc wizard.
You barely miss the orc wizard.
The orc wizard is almost dead.
You block the orc wizard's attack.
The wyvern skeleton bites you but does no damage.
The orc wizard misses you.
Your ice beast hits the orc wizard.
The orc wizard dies!
The wyvern skeleton bites you!
* * * LOW HITPOINT WARNING * * *
You slash the wyvern skeleton!
The wyvern skeleton is moderately damaged.
The wyvern skeleton bites you!
You die...

#.....# #...... #......
..################......
........................
......Z@Y..........)....
######.#..#.##. #......
#.#..#.# #.pp<# #.#.<#?#
#.:K## ..#..))##.###...
######.....##p.p
#.....#.... #))...##..#
#.....##++


You could see a wyvern skeleton and a friendly ice beast.

Vanquished Creatures
  An orc warrior (D:7)
  A phantom (D:4)
  A centaur (D:6)
  An ogre (D:5)
  2 big kobolds (D:4)
  A bullfrog (D:6)
  2 howler monkeys
  2 crimson imps
  A bullfrog zombie (D:5)
  A jelly (D:7)
  An iguana (D:5)
  A centaur skeleton (D:5)
  Natasha (twice) (D:3)
  3 orc wizards
  A worker ant (D:6)
  A hound skeleton (D:6)
  7 gnolls
  2 adders
  4 river rats (D:6)
  A shadow imp (D:6)
  An adder skeleton (D:4)
  A worm (D:3)
  A dart slug (D:1)
  3 leopard geckos
  27 orcs
  5 giant cockroaches
  7 hobgoblins
  3 jackals (D:1)
  8 quokkas
  3 ball pythons
  8 bats
  4 frilled lizards
  4 goblins
  30 kobolds
  A leopard gecko zombie (D:5)
  14 rats
156 creatures vanquished.

Vanquished Creatures (collateral kills)
  Sigmund (D:2)
  2 orc warriors (D:6)
  A black bear (D:6)
  2 ogres
  4 big kobolds (D:4)
  A jelly (D:6)
  6 orc priests
  Crazy Yiuf (D:5)
  4 orc wizards
  2 worker ants
  3 gnolls
  2 river rats (D:6)
  5 adders
  4 worms
  A dart slug (D:3)
  2 leopard geckos
  17 orcs
  3 giant cockroaches
  2 hobgoblins (D:1)
  A quokka (D:6)
  A frilled lizard (D:3)
  16 kobolds
  8 rats
89 creatures vanquished.

Grand Total: 245 creatures vanquished

Notes
Turn   | Place    | Note
-------+----------+-------------------------------------------
     0 | D:1      | Mesmaeker13 the Draconian Summoner began the quest for the
                  | Orb.
     0 | D:1      | Reached XP level 1. HP: 14/14 MP: 3/3
   540 | D:1      | Reached XP level 2. HP: 20/20 MP: 5/5
  1617 | D:2      | Noticed Sigmund
  1637 | D:1      | Reached XP level 3. HP: 6/26 MP: 2/6
  2607 | D:1      | Learned a level 2 spell: Call Imp
  2863 | D:3      | Found a sparkling altar of Nemelex Xobeh.
  3020 | D:3      | Reached XP level 4. HP: 10/33 MP: 5/8
  3378 | D:3      | Found a bloodstained altar of Trog.
  3727 | D:3      | Found a stormy altar of Qazlal.
  4194 | D:3      | Learned a level 3 spell: Call Canine Familiar
  4242 | D:3      | Noticed Natasha
  4265 | D:3      | Killed Natasha
  4265 | D:3      | Reached XP level 5. HP: 37/38 MP: 6/9
  4349 | D:3      | Reached skill level 5 in Summonings
  4529 | D:3      | Noticed Natasha
  4538 | D:3      | Killed Natasha
  4841 | D:2      | Found a white marble altar of Elyvilon.
  5036 | D:2      | Killed Sigmund
  5036 | D:2      | Reached XP level 6. HP: 37/45 MP: 3/11
  5588 | D:4      | Found a glowing golden altar of the Shining One.
  6148 | D:4      | Your scales start taking on a pale cyan-grey colour.
  6148 | D:4      | Reached XP level 7. HP: 10/50 MP: 8/13
  6977 | D:4      | Reached skill level 6 in Summonings
  7213 | D:4      | Reached skill level 5 in Dodging
  7213 | D:4      | Reached skill level 5 in Spellcasting
  7466 | D:5      | Entered Level 5 of the Dungeon
  7473 | D:5      | Learned a level 4 spell: Summon Ice Beast
  7705 | D:5      | Reached XP level 8. HP: 33/57 MP: 11/15
  7709 | D:5      | Reached skill level 1 in Ice Magic
  8008 | D:5      | Reached skill level 7 in Summonings
  8114 | D:5      | Found a runed translucent door.
  8115 | D:5      | Noticed Crazy Yiuf
  8137 | D:5      | Killed Crazy Yiuf
  8763 | D:6      | Found a shattered altar of Ashenzari.
  9118 | D:6      | Reached XP level 9. HP: 53/62 MP: 13/16
  9179 | D:6      | Found a shimmering altar of Xom.
  9179 | D:6      | Noticed an angel
  9180 | D:6      | Found a glowing silver altar of Zin.
  9558 | D:7      | Noticed Pikel
  9558 | D:7      | Noticed a troll
  9614 | D:7      | Reached skill level 8 in Summonings
  9622 | D:7      | Slain by a wyvern skeleton

Levels and vault maps discovered:
D:1:      co_arrival_random_square_maze, layout_basic
D:2:      layout_basic, elyvilon_altar_3, uniq_sigmund
D:3:      layout_loops_ring, nemelex_xobeh_ov_fountains_minmay,
          grunt_qazlal_clouds, lemuel_crystal_altar, first_ration, uniq_natasha
D:4:      minmay_goblin_kobold_castle, layout_basic, tso_altar
D:5:      layout_cave_pools, kennysheep_generic_room_8, uniq_crazy_yiuf_cottage
D:6:      lemuel_ratsnest, layout_basic,
          grunt_temple_overflow_order_and_chaos_1, evilmike_ruin_ashenzari
D:7:      layout_basic, tgw_sif, gammafunk_temple_overflow_wave,
          minmay_temple_entry_gardened_gates, uniq_pikel

Skill      XL: |  1  2  3  4  5  6  7  8  9 |
---------------+----------------------------+-----
Dodging        | 2 3 4 5 6 |  6.6
Spellcasting   | 3 4 5 |  5.0
Summonings     | 5 6 7 8 |  8.0
Ice Magic      | 4 |  4.3
Stealth        | |  1.7

Action                   |  1- 3 |  4- 6 |  7- 9 || total
-------------------------+-------+-------+-------++-------
Melee: Unarmed           |    21 |       |       ||    21
       Spear             |   145 |   128 |       ||   273
       Tailslap          |     7 |    14 |    20 ||    41
       Scythe            |       |    63 |   344 ||   407
 Cast: Summon Small Mamm |    27 |     2 |       ||    29
       Call Imp          |     3 |    15 |     5 ||    23
       Call Canine Famil |       |    16 |    18 ||    34
       Summon Ice Beast  |       |       |     8 ||     8
 Abil: Breathe Steam     |       |       |    10 ||    10
  Use: Scroll            |     3 |     4 |     4 ||    11
       Potion            |       |     1 |       ||     1
 Stab: Sleeping          |     5 |     5 |     6 ||    16
       Distracted        |     1 |       |       ||     1
  Eat: Chunk             |     4 |     8 |     9 ||    21
       Ration            |     1 |     2 |     1 ||     4
Armor: Skin              |    36 |    45 |   135 ||   216
Dodge: Dodged            |    97 |   119 |   367 ||   583
Block: Other             |       |       |    52 ||    52
       Reflection        |       |       |     1 ||     1
